 Dungeon Crawl Stone Soup version 0.21-a0-70-g32e1473 (console) character file.

126 removed the Conjurer (level 4, 0/33 HPs)
             Began as a Demigod Conjurer on June 18, 2017.
             Slain by Sigmund
             ... wielding a +1 scythe of slicing
              (10 damage)
             ... on level 3 of the Dungeon.
             The game lasted 00:03:26 (2729 turns).

removed the Conjurer (Demigod Conjurer)             Turns: 2729, Time: 00:03:27

Health: 0/33       AC:  3    Str: 11    XL:     4   Next: 55%
Magic:  2/9        EV: 12    Int: 21    God:
Gold:   164        SH:  0    Dex: 16    Spells: 3/6 levels left

rFire    . . .     SeeInvis .   a - +1 dagger (venom)
rCold    . . .     Gourm    .   (no shield)
rNeg     . . .     Faith    .   h - +0 robe
rPois    .         Spirit   .   (no helmet)
rElec    .         Reflect  .   l - +0 cloak
rCorr    .         Harm     .   (no gloves)
MR       .....                  (no boots)
Stlth    ++........             (no amulet)
HPRegen  0.11/turn              (no ring)
MPRegen  0.11/turn              (no ring)

@: no status effects
A: high mp 1
a: no special abilities


You were on level 3 of the Dungeon.
You were not hungry.

You visited 1 branch of the dungeon, and saw 3 of its levels.

You collected 164 gold pieces.

Inventory:

Hand Weapons
 a - a +1 dagger of venom (weapon)
Missiles
 q - 7 curare-tipped needles
Armour
 h - a +0 robe (worn)
 l - a +0 cloak (worn)
Wands
 r - a wand of confusion (19/48)
Scrolls
 e - 2 scrolls of identify {unknown}
 g - 2 scrolls of recharging {unknown}
 j - a scroll of remove curse {unknown}
 m - a scroll of enchant armour {unknown}
 o - a scroll of fear {unknown}
 p - a scroll of teleportation {unknown}
Potions
 d - a potion of magic {unknown}
 f - a potion of cancellation {unknown}
 k - a potion of lignification {unknown}
 u - a potion of berserk rage {unknown}
Books
 b - a book of Conjurations

   Spells                             Type                      Level
   a - Magic Dart                     Conjuration                  1
   b - Searing Ray                    Conjuration                  2
   c - Dazzling Spray                 Conjuration/Hexes            3
   d - Fulminant Prism                Conjuration/Hexes            4
   e - Force Lance                    Conjuration/Translocation    4
   f - Iskenderun's Mystic Blast      Conjuration                  4
Comestibles
 c - a bread ration
 i - 2 meat rations
 s - 2 royal jellies
 t - 2 chunks of flesh


   Skills:
 - Level 1.7 Dodging
 - Level 1.7 Stealth
 - Level 1.7 Spellcasting
 + Level 5.7 Conjurations


You had 3 spell levels left.
You knew the following spells:

 Your Spells              Type           Power        Failure   Level  Hunger
a - Magic Dart            Conj           ####         1%          1    #......
b - Searing Ray           Conj           ####..       2%          2    ###....


Dungeon Overview and Level Annotations

Branches:
Dungeon (3/15)

Annotations:
D:3 Sigmund


Innate Abilities, Weirdness & Mutations

You have an increased reservoir of magic. (+10% MP)


Message History

The searing ray hits Sigmund.
Sigmund is heavily wounded.
The searing ray misses Sigmund.
You finish channeling your searing ray.
Sigmund gestures at you while chanting.
You are confused.
You bump into the rock wall.
You bump into the rock wall.
Sigmund misses you.
You feel less confused.
Sigmund hits you with a scythe of slicing!
Casting: Searing Ray
Confirm with . or Enter, or press ? or * to list all spells.
Aiming: Searing Ray
Press: ? - help, Shift-Dir - straight line, f/p - Sigmund
Aim: Sigmund, wielding a scythe of slicing and wearing a robe (heavily wounded)
The searing ray hits Sigmund.
Sigmund is heavily wounded. (Press . to maintain the ray.)
The searing ray misses Sigmund.
Sigmund hits you with a scythe of slicing!
You die...

#...............@....
##.........##......#
##.......###......# ##.....##
#.### ##...## #.# #### #.####
##### #.##.## ##...##
####@#.#.##
#.....####....@###.#
#..........##.#.#.############
#.....######...#.###.........#
##...## #..........#######.#
#####.##### ##..)..##..#####
#.# #.........#
##.#..........###.#
#.###.###.# #.#......##...##.#
#.###.# #.# #.######.#.....#.#
#.....# #.# ##+## #.#.....#.#


You could see Sigmund.

Vanquished Creatures
  Natasha (D:3)
  5 adders
  An ooze (D:1)
  A worm (D:2)
  A dart slug (D:1)
  A leopard gecko (D:3)
  An orc (D:3)
  4 giant cockroaches
  4 goblins
  8 hobgoblins
  A jackal (D:3)
  6 kobolds
  4 bats
  4 frilled lizards
  7 rats
49 creatures vanquished.

Notes
Turn   | Place    | Note
-------+----------+-------------------------------------------
     0 | D:1      | removed the Demigod Conjurer began the quest for the Orb.
     0 | D:1      | Reached XP level 1. HP: 14/14 MP: 5/5
   202 | D:1      | Reached skill level 4 in Conjurations
   202 | D:1      | Reached XP level 2. HP: 20/20 MP: 2/7
   253 | D:1      | Learned a level 2 spell: Searing Ray
  1010 | D:2      | Reached XP level 3. HP: 26/26 MP: 4/8
  1170 | D:2      | Found a shattered altar of Ashenzari.
  1846 | D:3      | Found a hazy altar of Hepliaklqana.
  1852 | D:3      | Reached skill level 5 in Conjurations
  2120 | D:3      | Reached XP level 4. HP: 33/33 MP: 6/9
  2148 | D:3      | Found a white marble altar of Elyvilon.
  2372 | D:3      | Noticed Natasha
  2379 | D:3      | Killed Natasha
  2713 | D:3      | Noticed Sigmund
  2729 | D:3      | Slain by Sigmund

Vault maps used:
D:1:      lightli_arrival_flooded_house
D:2:      evilmike_ruin_ashenzari
D:3:      old_standard_altar, lemuel_round_altar, kennysheep_potato,
          uniq_natasha, uniq_sigmund

Skill      XL: |  1  2  3 |
---------------+----------+-----
Conjurations   | 4 5 |  5.7
Dodging        | |  1.7
Stealth        | |  1.7
Spellcasting   | |  1.7

Action                   |  1- 3 |  4- 6 || total
-------------------------+-------+-------++-------
 Cast: Magic Dart        |    89 |    22 ||   111
       Searing Ray       |       |     3 ||     3
  Eat: Chunk             |     5 |     2 ||     7
Dodge: Dodged            |     4 |     2 ||     6
